Rampage vs Barons

Created - Friday, January 16, 2015 at 23:25

Goals
1 2 3 OT1 SO T
Rampage 0 0 2 0 1 3
Barons 0 1 1 0 0 2
Shots
1 2 3 OT1 SO T
Rampage 6 8 13 5 3 32
Barons 10 6 6 0 3 22

1st period

No Goal

Penalties :
Saku Koivu (OKC) for Tripping (Minor) at 0:39, Keith Aulie (SAN) for Hooking (Minor) at 12:03

2nd period

1. Barons , Devin Setoguchi 29 (Saku Koivu) at 5:55

Penalties :
Eric Boulton (SAN) for Hooking (Minor) at 15:30, Kris Newbury (OKC) for Hooking (Minor) at 19:19

3rd period

2. Rampage , Keith Aulie 6 (Adam Almquist, Jordan Nolan) at 0:20 (PP)
3. Rampage , Matt Puempel 9 (Jesper Fast, Mikael Samuelsson) at 3:05 (PP)
4. Barons , Saku Koivu 7 (Chris Porter, Tommy Cross) at 15:46 (SH)

Penalties :
David Musil (OKC) for Roughing (Minor) at 1:48, Chuck Kobasew (OKC) for Roughing (Minor) at 5:53, Chuck Kobasew (OKC) for Tripping (Minor) at 8:45, Kris Newbury (OKC) for Slashing (Minor) at 14:38, Kris Newbury (OKC) for High sticking (Minor) at 16:52

Overtime #1

No Goal

Penalties :
No Penalty

Shootout

Penalty Shot by Matt D'Agostini for Rampage - Stopped by Ray Emery
Penalty Shot by Saku Koivu for Barons - Stopped by Matt Hackett
Penalty Shot by Eric Boulton for Rampage - Stopped by Ray Emery
Penalty Shot by Devin Setoguchi for Barons - Shot Misses the Net
Penalty Shot by Jordan Nolan for Rampage - Goal!
Penalty Shot by Steve Bernier for Barons - Stopped by Matt Hackett

Penalties :
No Penalty

Goalie Stats

Matt Hackett (SAN), 20 saves from 22 shots - (0.909), W, 12-9-2, 65:00 minutes
Ray Emery (OKC), 30 saves from 32 shots - (0.938), OTL, 36-3-8, 65:00 minutes

Players Stats for Rampage

Player Name              G  A  P  +/- PIM S  H  SB GA TA FO     MP     PP MP  PK MP  
------------------------------------------------------------------------------------
Adam Almquist            0  1  1  -1  0   4  1  5  1  0  0/0    28:21   6:05   1:53 
Andrey Pedan             0  0  0   0  0   1  0  0  0  1  0/0    13:56   0:00   1:53 
Charles-Olivier Roussel  0  0  0  -1  0   1  1  1  0  0  0/0    25:12   6:08   2:05 
Danny Kristo             0  0  0   0  0   2  1  0  1  0  1/2    23:58   5:30   1:08 
Eric Boulton             0  0  0  -1  2   2  2  0  0  2  0/0    17:15   0:00   0:48 
Jesper Fast              0  1  1  -1  0   2  0  0  4  0  0/11   24:05   6:43   0:00 
Johan Sundstrom          0  0  0   0  0   0  0  0  2  0  2/4     8:56   0:00   0:28 
John Persson             0  0  0   0  0   0  0  0  0  0  0/0     3:06   0:00   1:12 
Jordan Nolan             0  1  1   0  0   2  8  0  9  0  0/2    18:45   5:30   0:50 
Keith Aulie              1  0  1  -1  2   4  0  1  0  1  0/0    19:59   6:05   0:00 
Martin Frk               0  0  0  -1  0   0  0  0  2  0  0/0    13:18   0:00   0:00 
Matt D'Agostini          0  0  0   0  0   2  3  0  3  0  6/20   23:42   5:30   1:37 
Matt Puempel             1  0  1  -1  0   5  2  0  0  0  0/0    17:57   6:43   0:18 
Mikael Samuelsson        0  1  1  -1  0   3  0  0  0  0  0/1    19:19   6:43   0:50 
Nick Tuzzolino           0  0  0   0  0   3  0  2  1  0  0/0    14:25   0:00   0:00 
Ryan Potulny             0  0  0  -1  0   0  0  1  1  0  2/7    15:25   0:00   0:45 
Tim Erixon               0  0  0   0  0   0  1  1  0  0  0/0     3:09   0:00   0:00 
Will O'Neill             0  0  0  -1  0   1  3  2  0  0  0/0    25:12   6:08   2:05 

Players Stats for Barons

Player Name              G  A  P  +/- PIM S  H  SB GA TA FO     MP     PP MP  PK MP  
------------------------------------------------------------------------------------
Andy Miele               0  0  0   0  0   2  3  1  0  1  5/5    16:41   0:00   3:47 
Chris Porter             0  1  1   1  0   2  1  2  2  2  0/0    14:48   0:00   2:50 
Chuck Kobasew            0  0  0   0  4   0  2  1  2  0  1/1    12:44   0:00   0:00 
Daniel New               0  0  0   1  0   0  3  0  0  3  0/0    23:33   0:12   8:28 
David Kolomatis          0  0  0   1  0   1  0  1  0  0  0/0    27:29   1:22   3:45 
David Musil              0  0  0   1  2   2  3  0  0  2  0/0    26:14   1:40   3:45 
Devin Setoguchi          1  0  1   1  0   3  1  0  2  0  0/0    15:37   1:41   0:00 
John Negrin              0  0  0   0  0   3  0  2  0  1  0/0    19:49   2:06   0:00 
Kris Newbury             0  0  0   0  6   2  0  0  0  0  5/8    11:09   0:00   0:00 
Marc Cantin              0  0  0   0  0   0  0  0  0  0  0/0     1:53   0:12   0:00 
Reid Boucher             0  0  0   1  0   1  0  0  0  0  0/0    13:10   1:41   0:00 
Ryan Spooner             0  0  0   0  0   2  1  1  1  0  4/6    12:14   2:17   0:00 
Saku Koivu               1  1  2   2  2   2  3  0  1  0  18/23  22:41   1:41   7:02 
Shawn Thornton           0  0  0   0  0   0  3  0  0  1  1/1    11:00   0:00   0:00 
Steve Bernier            0  0  0   0  0   2  1  0  1  0  0/0    12:14   2:17   0:00 
Teemu Pulkkinen          0  0  0   0  0   0  2  0  1  1  1/1    15:31   0:00   3:19 
Tommy Cross              0  1  1   1  0   0  2  3  1  1  0/0    31:01   2:24   8:28 
Torrey Mitchell          0  0  0   0  0   0  0  2  1  2  1/2    19:52   2:17   7:28 

3 Stars

1 - Saku Koivu (OKC)
2 - Jordan Nolan (SAN)
3 - Devin Setoguchi (OKC)

Power Play

Rampage - 2 on 7 Attempt(s) - 28.57%
Barons - 0 on 2 Attempt(s) - 0.00%

Penalty Kill

Rampage - 2 on 2 Attempt(s) - 100.00% - Score 0 goal in Penalty Kill
Barons - 5 on 7 Attempt(s) - 71.43% - Score 1 goal in Penalty Kill

Team Stat

Rampage - Hits : 22 - Faceoff Wins : 11 - Blocked Shots : 13 - Penalty Minutes : 4
Barons - Hits : 25 - Faceoff Wins : 36 - Blocked Shots : 13 - Penalty Minutes : 14

Official

Referees : Unknown
Linesman : Unknown

Game Notes

No Game Note

Finance

Level 1 -- Attendance: 1444 (72.20%) -- Ticket Income $57,760
Level 2 -- Attendance: 779 (77.90%) -- Ticket Income $15,580
Total Attendance: 2223 (74.10%)
Total Ticket Income: $73,340
Other Income: $35,937
Total Income: $109,277

Rampage

5 vs 5 Forward 
   Center                   Left Wing                Right Wing               Time % Phy DF OF 
 1 Matt D'Agostini          Danny Kristo             Jordan Nolan             35     1   2  2  
 2 Jesper Fast              Matt Puempel             Mikael Samuelsson        30     1   2  2  
 3 Johan Sundstrom          Jesper Fast              Danny Kristo             22     1   2  2  
 4 Ryan Potulny             Eric Boulton             Martin Frk               13     1   2  2  

5 vs 5 Defense 
   Defense                  Defense                                           Time % Phy DF OF 
 1 Keith Aulie              Adam Almquist                                     35     1   2  2  
 2 Charles-Olivier Roussel  Will O'Neill                                      30     1   2  2  
 3 Nick Tuzzolino           Andrey Pedan                                      22     1   2  2  
 4 Tim Erixon               Adam Almquist                                     13     1   2  2  

PowerPlay Forward 
   Center                   Left Wing                Right Wing               Time % Phy DF OF 
 1 Matt D'Agostini          Danny Kristo             Jordan Nolan             60     1   2  2  
 2 Jesper Fast              Matt Puempel             Mikael Samuelsson        40     1   2  2  

PowerPlay Defense
   Defense                  Defense                                           Time % Phy DF OF 
 1 Keith Aulie              Adam Almquist                                     60     1   2  2  
 2 Charles-Olivier Roussel  Will O'Neill                                      40     1   2  2  

Penalty Kill 4 Players Forward 
   Center                   Wing                     Time % Phy DF OF 
 1 Matt D'Agostini          Danny Kristo             60     1   2  2  
 2 Jordan Nolan             Mikael Samuelsson        40     1   2  2  

Penalty Kill 4 Players Defense
   Defense                  Defense                  Time % Phy DF OF 
 1 Andrey Pedan             Adam Almquist            60     1   2  2  
 2 Charles-Olivier Roussel  Will O'Neill             40     1   2  2  

Penalty Kill - 3 Players Forward 
   Forward                                           Time % Phy DF OF 
 1 Matt D'Agostini                                   60     1   2  2  
 2 Jordan Nolan                                      40     1   2  2  

Penalty Kill - 3 Players Defense
   Defense                  Defense                  Time % Phy DF OF 
 1 Keith Aulie              Adam Almquist            60     1   2  2  
 2 Charles-Olivier Roussel  Will O'Neill             40     1   2  2  

4 vs 4 Forward 
   Center                   Wing                     Time % Phy DF OF 
 1 Matt D'Agostini          Jesper Fast              60     1   2  2  
 2 Jordan Nolan             Mikael Samuelsson        40     1   2  2  

4 vs 4 Defense
   Defense                  Defense                  Time % Phy DF OF 
 1 Nick Tuzzolino           Adam Almquist            60     1   2  2  
 2 Charles-Olivier Roussel  Will O'Neill             40     1   2  2  

Last Minutes Offensive
   Center                   Left Wing                Right Wing               Defense                  Defense                  
   Matt D'Agostini          Mikael Samuelsson        Jordan Nolan             Keith Aulie              Adam Almquist            

Last Minutes Defensive
   Center                   Left Wing                Right Wing               Defense                  Defense                  
   Matt D'Agostini          Mikael Samuelsson        Jordan Nolan             Keith Aulie              Adam Almquist            

Goaltenders
Starting : Matt Hackett             
Backup : Mike Murphy              

Extra Forwards
Normal : Danny Kristo, Jesper Fast, Eric Boulton - PP : Danny Kristo, Jesper Fast - PK : Eric Boulton
Extra Defensemen
Normal : Nick Tuzzolino, Andrey Pedan, Charles-Olivier Roussel - PP : Nick Tuzzolino - PK : Andrey Pedan, Charles-Olivier Roussel
Penalty Shots
Matt D'Agostini, Eric Boulton, Jordan Nolan, Mikael Samuelsson, Danny Kristo

Barons

5 vs 5 Forward 
   Center                   Left Wing                Right Wing               Time % Phy DF OF 
 1 Saku Koivu               Reid Boucher             Devin Setoguchi          35     0   1  4  
 2 Ryan Spooner             Steve Bernier            Torrey Mitchell          30     0   1  4  
 3 Andy Miele               Teemu Pulkkinen          Chuck Kobasew            22     0   1  4  
 4 Kris Newbury             Chris Porter             Shawn Thornton           13     0   1  4  

5 vs 5 Defense 
   Defense                  Defense                                           Time % Phy DF OF 
 1 Tommy Cross              Daniel New                                        35     1   2  2  
 2 David Kolomatis          David Musil                                       30     1   2  2  
 3 Tommy Cross              John Negrin                                       22     1   2  2  
 4 David Kolomatis          David Musil                                       13     1   2  2  

PowerPlay Forward 
   Center                   Left Wing                Right Wing               Time % Phy DF OF 
 1 Saku Koivu               Reid Boucher             Devin Setoguchi          50     0   1  4  
 2 Ryan Spooner             Steve Bernier            Torrey Mitchell          50     0   1  4  

PowerPlay Defense
   Defense                  Defense                                           Time % Phy DF OF 
 1 Tommy Cross              John Negrin                                       60     1   2  2  
 2 David Kolomatis          David Musil                                       40     1   2  2  

Penalty Kill 4 Players Forward 
   Center                   Wing                     Time % Phy DF OF 
 1 Saku Koivu               Torrey Mitchell          60     1   2  2  
 2 Andy Miele               Teemu Pulkkinen          40     1   3  1  

Penalty Kill 4 Players Defense
   Defense                  Defense                  Time % Phy DF OF 
 1 Tommy Cross              Daniel New               60     1   2  2  
 2 David Kolomatis          David Musil              40     1   2  2  

Penalty Kill - 3 Players Forward 
   Forward                                           Time % Phy DF OF 
 1 Saku Koivu                                        50     1   2  2  
 2 Andy Miele                                        50     1   2  2  

Penalty Kill - 3 Players Defense
   Defense                  Defense                  Time % Phy DF OF 
 1 John Negrin              Tommy Cross              60     1   2  2  
 2 David Kolomatis          David Musil              40     1   2  2  

4 vs 4 Forward 
   Center                   Wing                     Time % Phy DF OF 
 1 Saku Koivu               Devin Setoguchi          60     0   1  4  
 2 Ryan Spooner             Chuck Kobasew            40     0   1  4  

4 vs 4 Defense
   Defense                  Defense                  Time % Phy DF OF 
 1 Tommy Cross              John Negrin              60     1   2  2  
 2 David Kolomatis          David Musil              40     1   2  2  

Last Minutes Offensive
   Center                   Left Wing                Right Wing               Defense                  Defense                  
   Saku Koivu               Ryan Spooner             Devin Setoguchi          David Kolomatis          Torrey Mitchell          

Last Minutes Defensive
   Center                   Left Wing                Right Wing               Defense                  Defense                  
   Saku Koivu               Teemu Pulkkinen          Torrey Mitchell          David Kolomatis          Tommy Cross              

Goaltenders
Starting : Ray Emery                
Backup : Mike Lee                 

Extra Forwards
Normal : Chuck Kobasew, Andy Miele, Teemu Pulkkinen - PP : Chuck Kobasew, Teemu Pulkkinen - PK : Torrey Mitchell
Extra Defensemen
Normal : Tommy Cross, John Negrin, David Kolomatis - PP : Tommy Cross - PK : John Negrin, David Kolomatis
Penalty Shots
Saku Koivu, Devin Setoguchi, Steve Bernier, Torrey Mitchell, Teemu Pulkkinen

% Time on Ice - Rampage

Lines # - Real PCT - Wanted PCT - Time Play
Normal Forward
1 - 29% - 35% - 12:33
2 - 26% - 30% - 11:11
3 - 15% - 22% - 6:47
4 - 30% - 13% - 13:18
Normal Defense
1 - 33% - 35% - 14:16
2 - 34% - 30% - 14:57
3 - 26% - 22% - 11:27
4 - 7% - 13% - 3:09
PP Forward
1 - 45% - 60% - 5:30
2 - 55% - 40% - 6:43
PP Defense
1 - 50% - 60% - 6:05
2 - 50% - 40% - 6:08
PK Forward
1 - 79% - 60% - 3:08
2 - 21% - 40% - 0:50
PK Defense
1 - 47% - 60% - 1:53
2 - 53% - 40% - 2:05
PK3 Forward
1 - 0% - 60%
2 - 0% - 40%
PK3 Defense
1 - 0% - 60%
2 - 0% - 40%
44 Forward
1 - 96% - 60% - 4:47
2 - 4% - 40% - 0:13
44 Defense
1 - 59% - 60% - 2:58
2 - 41% - 40% - 2:02
Last Minute Offensive  - 0:00
Last Minute Defensive  - 0:00
Total
Forward - 65:00
Defense - 65:00

% Time on Ice - Barons

Lines # - Real PCT - Wanted PCT - Time Play
Normal Forward
1 - 27% - 35% - 11:39
2 - 25% - 30% - 10:47
3 - 24% - 22% - 10:23
4 - 25% - 13% - 11:00
Normal Defense
1 - 34% - 35% - 14:53
2 - 33% - 30% - 14:28
3 - 24% - 22% - 10:21
4 - 9% - 13% - 4:07
PP Forward
1 - 42% - 50% - 1:41
2 - 58% - 50% - 2:17
PP Defense
1 - 76% - 60% - 3:00
2 - 24% - 40% - 0:58
PK Forward
1 - 73% - 60% - 8:54
2 - 27% - 40% - 3:19
PK Defense
1 - 69% - 60% - 8:28
2 - 31% - 40% - 3:45
PK3 Forward
1 - 0% - 50%
2 - 0% - 50%
PK3 Defense
1 - 0% - 60%
2 - 0% - 40%
44 Forward
1 - 100% - 60% - 5:00
2 - 0% - 40% - 0:00
44 Defense
1 - 57% - 60% - 2:51
2 - 43% - 40% - 2:09
Last Minute Offensive  - 0:00
Last Minute Defensive  - 0:00
Total
Forward - 65:00
Defense - 65:00

Play by Play

1st period


0:01 of 1st period - Saku Koivu wins face-off versus Jordan Nolan in neutral zone.
0:04 of 1st period - Adam Almquist is hit by Devin Setoguchi and loses puck.
0:37 of 1st period - Snap shot by Jordan Nolan.
0:37 of 1st period - Shot Misses the Net.
0:39 of 1st period - Minor Penalty to Saku Koivu for Tripping.
0:40 of 1st period - Torrey Mitchell wins face-off versus Mikael Samuelsson in Barons zone.
1:05 of 1st period - Snap shot by Mikael Samuelsson.
1:05 of 1st period - Stopped by Ray Emery with a rebound.
1:07 of 1st period - Slapshot by Keith Aulie.
1:07 of 1st period - Shot Blocked by Chris Porter.
1:09 of 1st period - Wrist shot by Jesper Fast.
1:09 of 1st period - Stopped by Ray Emery with a rebound.
1:11 of 1st period - Slapshot by Keith Aulie.
1:11 of 1st period - Stopped by Ray Emery with a rebound.
1:13 of 1st period - Slapshot by Keith Aulie.
1:13 of 1st period - Shot Misses the Net.
1:15 of 1st period - Snap shot by Matt Puempel.
1:15 of 1st period - Stopped by Ray Emery with a rebound.
1:17 of 1st period - Slapshot by Charles-Olivier Roussel.
1:17 of 1st period - Shot Blocked by Torrey Mitchell.
1:55 of 1st period - Teemu Pulkkinen is hit by Jordan Nolan and loses puck.
2:20 of 1st period - Torrey Mitchell is hit by Matt Puempel and loses puck.
2:39 of 1st period - Penalty to Saku Koivu is over, Saku Koivu is back on ice.
2:56 of 1st period - Saku Koivu is hit by Charles-Olivier Roussel and loses puck.
3:14 of 1st period - Off-side.
3:15 of 1st period - Andy Miele wins face-off versus Johan Sundstrom in neutral zone.
3:46 of 1st period - Jesper Fast is hit by David Musil.
4:20 of 1st period - Ryan Potulny is hit by Steve Bernier.
5:00 of 1st period - Devin Setoguchi is hit by Will O'Neill.
5:20 of 1st period - John Negrin is hit by Matt D'Agostini and loses puck.
5:38 of 1st period - Keith Aulie is hit by Shawn Thornton and loses puck.
6:07 of 1st period - Keith Aulie is hit by Chuck Kobasew and loses puck.
6:50 of 1st period - Snap shot by Devin Setoguchi.
6:50 of 1st period - Shot Blocked by Nick Tuzzolino.
6:52 of 1st period - Backhand shot by Saku Koivu.
6:52 of 1st period - Shot Misses the Net.
7:10 of 1st period - Kris Newbury is hit by Jordan Nolan and loses puck.
7:38 of 1st period - Jesper Fast is hit by Teemu Pulkkinen and loses puck.
8:07 of 1st period - Ryan Spooner is hit by Eric Boulton and loses puck.
8:26 of 1st period - Reid Boucher is hit by Will O'Neill and loses puck.
9:13 of 1st period - Chris Porter is hit by Tim Erixon and loses puck.
9:52 of 1st period - Torrey Mitchell is hit by Jordan Nolan and loses puck.
10:12 of 1st period - Icing by Torrey Mitchell.
10:13 of 1st period - Saku Koivu wins face-off versus Ryan Potulny in Barons zone.
10:18 of 1st period - Martin Frk is hit by Saku Koivu.
10:26 of 1st period - Wrist shot by Ryan Potulny.
10:26 of 1st period - Shot Misses the Net.
10:53 of 1st period - Snap shot by Matt Puempel.
10:53 of 1st period - Stopped by Ray Emery with a rebound.
10:55 of 1st period - Snap shot by Matt Puempel.
10:55 of 1st period - Deflect By Mikael Samuelsson.
10:55 of 1st period - Shot Misses the Net.
10:55 of 1st period - Puck is out of play.
10:56 of 1st period - Andy Miele wins face-off versus Jesper Fast in Barons zone.
11:08 of 1st period - Icing by Matt Puempel.
11:09 of 1st period - Ryan Spooner wins face-off versus Jesper Fast in Rampage zone.
11:24 of 1st period - Wrist shot by Steve Bernier.
11:24 of 1st period - Shot Blocked by Will O'Neill.
11:26 of 1st period - Slapshot by David Musil.
11:26 of 1st period - Stopped by Matt Hackett with a rebound.
11:54 of 1st period - Wrist shot by Kris Newbury.
11:54 of 1st period - Shot Misses the Net.
11:56 of 1st period - Slapshot by John Negrin.
11:56 of 1st period - Stopped by Matt Hackett with a rebound.
11:58 of 1st period - Snap shot by John Negrin.
11:58 of 1st period - Shot Misses the Net.
12:00 of 1st period - Wrist shot by John Negrin.
12:00 of 1st period - Stopped by Matt Hackett without a rebound.
12:01 of 1st period - Ryan Potulny wins face-off versus Saku Koivu in Rampage zone.
12:03 of 1st period - Minor Penalty to Keith Aulie for Hooking.
12:04 of 1st period - Saku Koivu wins face-off versus Matt D'Agostini in Rampage zone.
12:04 of 1st period - Wrist shot by Devin Setoguchi.
12:04 of 1st period - Stopped by Matt Hackett with a rebound.
12:12 of 1st period - Slapshot by Reid Boucher.
12:12 of 1st period - Stopped by Matt Hackett with a rebound.
12:14 of 1st period - Slapshot by David Musil.
12:14 of 1st period - Stopped by Matt Hackett without a rebound.
12:15 of 1st period - Saku Koivu wins face-off versus Matt D'Agostini in Rampage zone.
12:57 of 1st period - Matt D'Agostini is hit by Ryan Spooner and loses puck.
13:04 of 1st period - Snap shot by Ryan Spooner.
13:04 of 1st period - Stopped by Matt Hackett without a rebound.
13:05 of 1st period - Ryan Spooner wins face-off versus Matt D'Agostini in Rampage zone.
13:21 of 1st period - Slapshot by Ryan Spooner.
13:21 of 1st period - Shot Misses the Net.
13:37 of 1st period - Steve Bernier is hit by Jordan Nolan and loses puck.
13:51 of 1st period - Reid Boucher is hit by Jordan Nolan and loses puck.
14:03 of 1st period - Penalty to Keith Aulie is over, Keith Aulie is back on ice.
14:24 of 1st period - Ryan Potulny is hit by Teemu Pulkkinen and loses puck.
16:10 of 1st period - Icing by Saku Koivu.
16:11 of 1st period - Saku Koivu wins face-off versus Ryan Potulny in Barons zone.
16:53 of 1st period - Wrist shot by Steve Bernier.
16:53 of 1st period - Stopped by Matt Hackett with a rebound.
16:55 of 1st period - Wrist shot by Ryan Spooner.
16:55 of 1st period - Stopped by Matt Hackett with a rebound.
16:57 of 1st period - Snap shot by Steve Bernier.
16:57 of 1st period - Shot Misses the Net.
16:59 of 1st period - Wrist shot by Steve Bernier.
16:59 of 1st period - Shot Blocked by Will O'Neill.
17:01 of 1st period - Slapshot by John Negrin.
17:01 of 1st period - Deflect By Jesper Fast.
17:01 of 1st period - Stopped by Matt Hackett with a rebound.
17:31 of 1st period - Slapshot by Danny Kristo.
17:31 of 1st period - Deflect By Andy Miele.
17:31 of 1st period - Stopped by Ray Emery without a rebound.
17:32 of 1st period - Matt D'Agostini wins face-off versus Kris Newbury in Barons zone.
18:01 of 1st period - Adam Almquist is hit by Daniel New.
18:08 of 1st period - Icing by Tommy Cross.
18:09 of 1st period - Johan Sundstrom wins face-off versus Kris Newbury in Barons zone.
18:10 of 1st period - Snap shot by Jesper Fast.
18:10 of 1st period - Shot Blocked by Chris Porter.
18:51 of 1st period - Icing by Steve Bernier.
18:52 of 1st period - Ryan Potulny wins face-off versus Ryan Spooner in Barons zone.
19:20 of 1st period - Matt Puempel is hit by David Musil and loses puck.
Goals for this period are 0 for Rampage vs 0 for Barons.
Shots for this period are 6 for Rampage vs 10 for Barons.

2nd period


0:01 of 2nd period - Matt D'Agostini wins face-off versus Ryan Spooner in neutral zone.
0:05 of 2nd period - Off-side.
0:06 of 2nd period - Ryan Spooner wins face-off versus Matt D'Agostini in neutral zone.
0:27 of 2nd period - Snap shot by Steve Bernier.
0:27 of 2nd period - Stopped by Matt Hackett with a rebound.
0:43 of 2nd period - Wrist shot by Jordan Nolan.
0:43 of 2nd period - Stopped by Ray Emery with a rebound.
1:23 of 2nd period - Snap shot by Saku Koivu.
1:23 of 2nd period - Shot Misses the Net.
1:25 of 2nd period - Slapshot by David Kolomatis.
1:25 of 2nd period - Shot Blocked by Adam Almquist.
1:29 of 2nd period - Wrist shot by Saku Koivu.
1:29 of 2nd period - Shot Blocked by Adam Almquist.
1:39 of 2nd period - Keith Aulie is hit by Andy Miele and loses puck.
2:53 of 2nd period - Shawn Thornton is hit by Jordan Nolan and loses puck.
3:45 of 2nd period - Jesper Fast is hit by Daniel New and loses puck.
5:55 of 2nd period - Backhand shot by Devin Setoguchi.
5:55 of 2nd period - Goal by Devin Setoguchi - Rampage : 0 - Barons : 1.
5:56 of 2nd period - Teemu Pulkkinen wins face-off versus Ryan Potulny in neutral zone.
7:27 of 2nd period - Snap shot by Matt Puempel.
7:27 of 2nd period - Shot Misses the Net.
8:07 of 2nd period - Snap shot by Matt Puempel.
8:07 of 2nd period - Deflect By Ryan Spooner.
8:07 of 2nd period - Stopped by Ray Emery with a rebound.
8:49 of 2nd period - Chris Porter is hit by Eric Boulton and loses puck.
9:04 of 2nd period - Snap shot by Shawn Thornton.
9:04 of 2nd period - Deflect By Kris Newbury.
9:04 of 2nd period - Stopped by Matt Hackett with a rebound.
10:15 of 2nd period - Wrist shot by Jordan Nolan.
10:15 of 2nd period - Stopped by Ray Emery with a rebound.
10:17 of 2nd period - Slapshot by Adam Almquist.
10:17 of 2nd period - Shot Blocked by David Kolomatis.
10:19 of 2nd period - Slapshot by Nick Tuzzolino.
10:19 of 2nd period - Stopped by Ray Emery with a rebound.
10:46 of 2nd period - Saku Koivu is hit by Matt Puempel and loses puck.
10:59 of 2nd period - Snap shot by Devin Setoguchi.
10:59 of 2nd period - Stopped by Matt Hackett without a rebound.
11:00 of 2nd period - Matt D'Agostini wins face-off versus Kris Newbury in Rampage zone.
11:17 of 2nd period - Keith Aulie is hit by Shawn Thornton.
11:40 of 2nd period - Snap shot by Mikael Samuelsson.
11:40 of 2nd period - Shot Misses the Net.
11:42 of 2nd period - Slapshot by Will O'Neill.
11:42 of 2nd period - Stopped by Ray Emery without a rebound.
11:43 of 2nd period - Saku Koivu wins face-off versus Jesper Fast in Barons zone.
12:04 of 2nd period - Saku Koivu is hit by Will O'Neill and loses puck.
12:54 of 2nd period - Snap shot by Ryan Spooner.
12:54 of 2nd period - Shot Blocked by Keith Aulie.
13:02 of 2nd period - Snap shot by Torrey Mitchell.
13:02 of 2nd period - Shot Misses the Net.
13:36 of 2nd period - Slapshot by Andy Miele.
13:36 of 2nd period - Stopped by Matt Hackett with a rebound.
13:38 of 2nd period - Slapshot by David Musil.
13:38 of 2nd period - Shot Blocked by Ryan Potulny.
13:40 of 2nd period - Snap shot by Teemu Pulkkinen.
13:40 of 2nd period - Shot Misses the Net.
14:08 of 2nd period - Snap shot by Shawn Thornton.
14:08 of 2nd period - Deflect By Kris Newbury.
14:08 of 2nd period - Shot Blocked by Nick Tuzzolino.
14:08 of 2nd period - Puck is out of play.
14:09 of 2nd period - Shawn Thornton wins face-off versus Johan Sundstrom in Rampage zone.
15:01 of 2nd period - Matt Puempel is hit by Saku Koivu and loses puck.
15:30 of 2nd period - Minor Penalty to Eric Boulton for Hooking.
15:31 of 2nd period - Ryan Spooner wins face-off versus Ryan Potulny in Rampage zone.
15:52 of 2nd period - Slapshot by Ryan Spooner.
15:52 of 2nd period - Shot Blocked by Adam Almquist.
17:00 of 2nd period - Snap shot by Matt Puempel.
17:00 of 2nd period - Shot Misses the Net.
17:02 of 2nd period - Slapshot by Charles-Olivier Roussel.
17:02 of 2nd period - Stopped by Ray Emery with a rebound.
17:04 of 2nd period - Snap shot by John Persson.
17:04 of 2nd period - Shot Misses the Net.
17:06 of 2nd period - Slapshot by Charles-Olivier Roussel.
17:06 of 2nd period - Shot Misses the Net.
17:08 of 2nd period - Slapshot by Will O'Neill.
17:08 of 2nd period - Shot Blocked by Ryan Spooner.
17:30 of 2nd period - Penalty to Eric Boulton is over, Eric Boulton is back on ice.
18:00 of 2nd period - Snap shot by Andy Miele.
18:00 of 2nd period - Stopped by Matt Hackett with a rebound.
18:14 of 2nd period - Snap shot by Mikael Samuelsson.
18:14 of 2nd period - Stopped by Ray Emery with a rebound.
18:16 of 2nd period - Snap shot by Matt Puempel.
18:16 of 2nd period - Stopped by Ray Emery with a rebound.
18:20 of 2nd period - Snap shot by Matt Puempel.
18:20 of 2nd period - Shot Blocked by Chuck Kobasew.
18:22 of 2nd period - Snap shot by Will O'Neill.
18:22 of 2nd period - Deflect By Mikael Samuelsson.
18:22 of 2nd period - Shot Misses the Net.
18:22 of 2nd period - Puck is out of play.
18:23 of 2nd period - Kris Newbury wins face-off versus Jesper Fast in Barons zone.
18:35 of 2nd period - Off-side.
18:36 of 2nd period - Kris Newbury wins face-off versus Jordan Nolan in neutral zone.
18:39 of 2nd period - Snap shot by Shawn Thornton.
18:39 of 2nd period - Shot Misses the Net.
19:05 of 2nd period - Matt Puempel is hit by Shawn Thornton and loses puck.
19:19 of 2nd period - Minor Penalty to Kris Newbury for Hooking.
19:20 of 2nd period - Saku Koivu wins face-off versus Matt D'Agostini in Barons zone.
Goals for this period are 0 for Rampage vs 1 for Barons.
Shots for this period are 8 for Rampage vs 6 for Barons.

3rd period


0:01 of 3rd period - Saku Koivu wins face-off versus Matt D'Agostini in neutral zone.
0:12 of 3rd period - Snap shot by Jordan Nolan.
0:12 of 3rd period - Shot Misses the Net.
0:14 of 3rd period - Snap shot by Keith Aulie.
0:14 of 3rd period - Shot Misses the Net.
0:16 of 3rd period - Wrist shot by Adam Almquist.
0:16 of 3rd period - Deflect By Torrey Mitchell.
0:16 of 3rd period - Stopped by Ray Emery with a rebound.
0:18 of 3rd period - Snap shot by Adam Almquist.
0:18 of 3rd period - Stopped by Ray Emery with a rebound.
0:20 of 3rd period - Slapshot by Keith Aulie.
0:20 of 3rd period - Goal by Keith Aulie - Rampage : 1 - Barons : 1.
0:21 of 3rd period - Saku Koivu wins face-off versus Matt D'Agostini in neutral zone.
0:23 of 3rd period - Off-side.
0:24 of 3rd period - Matt D'Agostini wins face-off versus Saku Koivu in neutral zone.
0:59 of 3rd period - Wrist shot by Saku Koivu.
0:59 of 3rd period - Shot Misses the Net.
1:19 of 3rd period - Snap shot by Ryan Spooner.
1:19 of 3rd period - Shot Misses the Net.
1:21 of 3rd period - Wrist shot by Steve Bernier.
1:21 of 3rd period - Shot Blocked by Adam Almquist.
1:23 of 3rd period - Slapshot by Ryan Spooner.
1:23 of 3rd period - Shot Misses the Net.
1:25 of 3rd period - Slapshot by David Musil.
1:25 of 3rd period - Shot Misses the Net.
1:27 of 3rd period - Slapshot by David Kolomatis.
1:27 of 3rd period - Stopped by Matt Hackett without a rebound.
1:28 of 3rd period - Andy Miele wins face-off versus Jesper Fast in Rampage zone.
1:48 of 3rd period - Minor Penalty to David Musil for Roughing.
1:49 of 3rd period - Saku Koivu wins face-off versus Jesper Fast in Barons zone.
3:03 of 3rd period - Backhand shot by Jesper Fast.
3:03 of 3rd period - Stopped by Ray Emery with a rebound.
3:05 of 3rd period - Snap shot by Matt Puempel.
3:05 of 3rd period - Goal by Matt Puempel - Rampage : 2 - Barons : 1.
3:06 of 3rd period - Andy Miele wins face-off versus Ryan Potulny in neutral zone.
4:12 of 3rd period - Kris Newbury is hit by Matt D'Agostini and loses puck.
4:38 of 3rd period - Wrist shot by Devin Setoguchi.
4:38 of 3rd period - Shot Misses the Net.
4:48 of 3rd period - Snap shot by Mikael Samuelsson.
4:48 of 3rd period - Shot Misses the Net.
4:50 of 3rd period - Wrist shot by Mikael Samuelsson.
4:50 of 3rd period - Shot Misses the Net.
4:52 of 3rd period - Backhand shot by Will O'Neill.
4:52 of 3rd period - Shot Misses the Net.
5:53 of 3rd period - Minor Penalty to Chuck Kobasew for Roughing.
5:54 of 3rd period - Matt D'Agostini wins face-off versus Torrey Mitchell in Barons zone.
6:05 of 3rd period - Wrist shot by Matt D'Agostini.
6:05 of 3rd period - Stopped by Ray Emery without a rebound.
6:06 of 3rd period - Matt D'Agostini wins face-off versus Saku Koivu in Barons zone.
6:11 of 3rd period - Wrist shot by Matt D'Agostini.
6:11 of 3rd period - Stopped by Ray Emery without a rebound.
6:12 of 3rd period - Saku Koivu wins face-off versus Matt D'Agostini in Barons zone.
6:12 of 3rd period - Saku Koivu is hit by Adam Almquist.
6:27 of 3rd period - Slapshot by Saku Koivu.
6:27 of 3rd period - Stopped by Matt Hackett without a rebound.
6:28 of 3rd period - Saku Koivu wins face-off versus Jesper Fast in Rampage zone.
7:14 of 3rd period - Teemu Pulkkinen is hit by Jordan Nolan and loses puck.
7:43 of 3rd period - Snap shot by Mikael Samuelsson.
7:43 of 3rd period - Shot Blocked by Andy Miele.
7:45 of 3rd period - Wrist shot by Jesper Fast.
7:45 of 3rd period - Shot Misses the Net.
7:53 of 3rd period - Penalty to Chuck Kobasew is over, Chuck Kobasew is back on ice.
8:07 of 3rd period - Wrist shot by Kris Newbury.
8:07 of 3rd period - Shot Blocked by Charles-Olivier Roussel.
8:43 of 3rd period - Slapshot by Andrey Pedan.
8:43 of 3rd period - Stopped by Ray Emery with a rebound.
8:45 of 3rd period - Minor Penalty to Chuck Kobasew for Tripping.
8:46 of 3rd period - Saku Koivu wins face-off versus Jesper Fast in Barons zone.
9:28 of 3rd period - Matt D'Agostini is hit by Tommy Cross and loses puck.
9:56 of 3rd period - Jesper Fast is hit by Saku Koivu and loses puck.
10:45 of 3rd period - Penalty to Chuck Kobasew is over, Chuck Kobasew is back on ice.
11:13 of 3rd period - Wrist shot by Martin Frk.
11:13 of 3rd period - Deflect By Eric Boulton.
11:13 of 3rd period - Stopped by Ray Emery with a rebound.
11:35 of 3rd period - Steve Bernier is hit by Danny Kristo.
11:41 of 3rd period - Snap shot by Ryan Spooner.
11:41 of 3rd period - Shot Misses the Net.
11:57 of 3rd period - Slapshot by Kris Newbury.
11:57 of 3rd period - Shot Blocked by Tim Erixon.
12:09 of 3rd period - Snap shot by Kris Newbury.
12:09 of 3rd period - Deflect By Chris Porter.
12:09 of 3rd period - Shot Blocked by Adam Almquist.
12:09 of 3rd period - Puck is out of play.
12:10 of 3rd period - Johan Sundstrom wins face-off versus Saku Koivu in Rampage zone.
12:47 of 3rd period - Slapshot by Eric Boulton.
12:47 of 3rd period - Shot Misses the Net.
13:14 of 3rd period - Wrist shot by Kris Newbury.
13:14 of 3rd period - Stopped by Matt Hackett without a rebound.
13:15 of 3rd period - Kris Newbury wins face-off versus Matt D'Agostini in Rampage zone.
13:16 of 3rd period - Wrist shot by Chris Porter.
13:16 of 3rd period - Stopped by Matt Hackett without a rebound.
13:17 of 3rd period - Kris Newbury wins face-off versus Matt D'Agostini in Rampage zone.
13:18 of 3rd period - Snap shot by Chris Porter.
13:18 of 3rd period - Stopped by Matt Hackett without a rebound.
13:19 of 3rd period - Andy Miele wins face-off versus Jesper Fast in Rampage zone.
14:38 of 3rd period - Minor Penalty to Kris Newbury for Slashing.
14:39 of 3rd period - Saku Koivu wins face-off versus Jesper Fast in Barons zone.
15:09 of 3rd period - Danny Kristo is hit by Daniel New and loses puck.
15:37 of 3rd period - Matt Puempel is hit by Chris Porter and loses puck.
15:46 of 3rd period - Snap shot by Saku Koivu.
15:46 of 3rd period - Goal by Saku Koivu - Rampage : 2 - Barons : 2.
15:47 of 3rd period - Danny Kristo wins face-off versus Saku Koivu in neutral zone.
16:38 of 3rd period - Penalty to Kris Newbury is over, Kris Newbury is back on ice.
16:47 of 3rd period - Slapshot by Keith Aulie.
16:47 of 3rd period - Stopped by Ray Emery with a rebound.
16:49 of 3rd period - Slapshot by Adam Almquist.
16:49 of 3rd period - Stopped by Ray Emery without a rebound.
16:50 of 3rd period - Kris Newbury wins face-off versus Matt D'Agostini in Barons zone.
16:52 of 3rd period - Minor Penalty to Kris Newbury for High sticking.
16:53 of 3rd period - Saku Koivu wins face-off versus Jesper Fast in Barons zone.
17:24 of 3rd period - Jordan Nolan is hit by Tommy Cross and loses puck.
17:31 of 3rd period - Danny Kristo is hit by Andy Miele and loses puck.
17:38 of 3rd period - Andy Miele is hit by Matt D'Agostini and loses puck.
18:11 of 3rd period - Wrist shot by Jordan Nolan.
18:11 of 3rd period - Shot Misses the Net.
18:13 of 3rd period - Snap shot by Danny Kristo.
18:13 of 3rd period - Shot Blocked by Tommy Cross.
18:15 of 3rd period - Backhand shot by Charles-Olivier Roussel.
18:15 of 3rd period - Shot Misses the Net.
18:17 of 3rd period - Wrist shot by Danny Kristo.
18:17 of 3rd period - Stopped by Ray Emery with a rebound.
18:19 of 3rd period - Slapshot by Keith Aulie.
18:19 of 3rd period - Stopped by Ray Emery without a rebound.
18:20 of 3rd period - Saku Koivu wins face-off versus Matt D'Agostini in Barons zone.
18:29 of 3rd period - David Musil is hit by Jordan Nolan and loses puck.
18:48 of 3rd period - Slapshot by Keith Aulie.
18:48 of 3rd period - Shot Blocked by Torrey Mitchell.
18:52 of 3rd period - Penalty to Kris Newbury is over, Kris Newbury is back on ice.
19:39 of 3rd period - Slapshot by Devin Setoguchi.
19:39 of 3rd period - Shot Misses the Net.
Goals for this period are 2 for Rampage vs 1 for Barons.
Shots for this period are 13 for Rampage vs 6 for Barons.

Overtime #1


0:01 of 1st overtime period - Saku Koivu wins face-off versus Matt D'Agostini in neutral zone.
0:26 of 1st overtime period - Snap shot by Matt D'Agostini.
0:26 of 1st overtime period - Shot Misses the Net.
0:28 of 1st overtime period - Backhand shot by Nick Tuzzolino.
0:28 of 1st overtime period - Stopped by Ray Emery with a rebound.
0:30 of 1st overtime period - Slapshot by Nick Tuzzolino.
0:30 of 1st overtime period - Stopped by Ray Emery with a rebound.
0:32 of 1st overtime period - Slapshot by Adam Almquist.
0:32 of 1st overtime period - Shot Blocked by Tommy Cross.
0:34 of 1st overtime period - Slapshot by Matt D'Agostini.
0:34 of 1st overtime period - Shot Misses the Net.
0:36 of 1st overtime period - Wrist shot by Matt D'Agostini.
0:36 of 1st overtime period - Deflect By Saku Koivu.
0:36 of 1st overtime period - Shot Blocked by John Negrin.
0:36 of 1st overtime period - Puck is out of play.
0:37 of 1st overtime period - Saku Koivu wins face-off versus Matt D'Agostini in Barons zone.
1:20 of 1st overtime period - Jesper Fast is hit by David Musil and loses puck.
1:45 of 1st overtime period - Slapshot by Eric Boulton.
1:45 of 1st overtime period - Stopped by Ray Emery with a rebound.
1:47 of 1st overtime period - Slapshot by Adam Almquist.
1:47 of 1st overtime period - Stopped by Ray Emery without a rebound.
1:48 of 1st overtime period - Chuck Kobasew wins face-off versus Danny Kristo in Barons zone.
1:53 of 1st overtime period - Danny Kristo is hit by Andy Miele and loses puck.
2:12 of 1st overtime period - Wrist shot by Eric Boulton.
2:12 of 1st overtime period - Shot Blocked by Tommy Cross.
2:14 of 1st overtime period - Slapshot by Danny Kristo.
2:14 of 1st overtime period - Shot Misses the Net.
2:16 of 1st overtime period - Slapshot by Adam Almquist.
2:16 of 1st overtime period - Shot Blocked by John Negrin.
4:34 of 1st overtime period - Adam Almquist is hit by Chuck Kobasew.
4:59 of 1st overtime period - Snap shot by Mikael Samuelsson.
4:59 of 1st overtime period - Stopped by Ray Emery with a rebound.
Goals for this period are 0 for Rampage vs 0 for Barons.
Shots for this period are 5 for Rampage vs 0 for Barons.

ShootOut


5:00 of 1st overtime period - Penalty Shot by Matt D'Agostini for Rampage.
5:00 of 1st overtime period - Snap shot by Matt D'Agostini.
5:00 of 1st overtime period - Stopped by Ray Emery.
5:00 of 1st overtime period - Penalty Shot by Saku Koivu for Barons.
5:00 of 1st overtime period - Snap shot by Saku Koivu.
5:00 of 1st overtime period - Stopped by Matt Hackett.
5:00 of 1st overtime period - Penalty Shot by Eric Boulton for Rampage.
5:00 of 1st overtime period - Deke by Eric Boulton.
5:00 of 1st overtime period - Stopped by Ray Emery.
5:00 of 1st overtime period - Penalty Shot by Devin Setoguchi for Barons.
5:00 of 1st overtime period - Backhand shot by Devin Setoguchi.
5:00 of 1st overtime period - Shot Misses the Net.
5:00 of 1st overtime period - Penalty Shot by Jordan Nolan for Rampage.
5:00 of 1st overtime period - Deke by Jordan Nolan.
5:00 of 1st overtime period - Goal by Jordan Nolan.
5:00 of 1st overtime period - Penalty Shot by Steve Bernier for Barons.
5:00 of 1st overtime period - Snap shot by Steve Bernier.
5:00 of 1st overtime period - Stopped by Matt Hackett.


Output by the SimonT Hockey Simulator (STHS) for Eric Dolegowski -- Original Page W3C XHTML 1.0 Valid
Hockey Simulator - Hockey Simulation - Hockey Manager